 Dungeon Crawl Stone Soup version 0.23.2-33-g5129a83184 (webtiles) character file.

Game seed: 16794035520083198098

88 Folque the Conjurer (level 4, 0/35 HPs)
             Began as a Demigod Conjurer on July 10, 2019.
             Slain by an iguana (2 damage)
             ... on level 6 of the Dungeon.
             The game lasted 00:03:55 (1883 turns).

Folque the Conjurer (Demigod Conjurer)              Turns: 1883, Time: 00:03:56

Health: 0/35       AC:  2    Str: 16    XL:     4   Next: 9%
Magic:  0/10       EV: 12    Int: 21    God:
Gold:   70         SH:  0    Dex: 16    Spells: 2/8 levels left

rFire    . . .     SeeInvis .   m - +0 rapier
rCold    . . .     Gourm    .   (no shield)
rNeg     . . .     Faith    .   a - +0 robe
rPois    .         Spirit   .   (no helmet)
rElec    .         Reflect  .   (no cloak)
rCorr    .         Harm     .   (no gloves)
MR       .....                  (no boots)
Stlth    ++........             (no amulet)
HPRegen  0.11/turn              (no ring)
MPRegen  0.12/turn              (no ring)

@: mighty, very slightly contaminated
A: high mp 1
a: no special abilities


You were on level 6 of the Dungeon.
You were hungry.

You visited 1 branch of the dungeon, and saw 5 of its levels.

You collected 70 gold pieces.

Inventory:

Hand Weapons
 d - a +0 whip
 m - a +0 rapier (weapon)
Missiles
 b - 17 poisoned needles
Armour
 a - a +0 robe (worn)
 e - a +0 ring mail
Scrolls
 f - 4 scrolls of identify
 g - 4 scrolls of teleportation {unknown}
 h - a scroll of blinking {unknown}
Potions
 l - a potion of flight
Comestibles
 c - a ration
 i - 2 chunks of flesh


   Skills:
 - Level 1.0 Fighting
 - Level 1.7 Dodging
 - Level 1.7 Stealth
 * Level 2.7 Spellcasting
 + Level 4.5 Conjurations


You had 2 spell levels left.
You knew the following spells:

 Your Spells              Type           Power        Failure   Level  Hunger
a - Magic Dart            Conj           ###.         2%          1    None
b - Searing Ray           Conj           ###...       3%          2    ##.....
c - Dazzling Spray        Conj/Hex       ##....       16%         3    ###....

Your spell library contained the following spells:

 Spells                   Type           Power        Failure   Level  Hunger
 Iskenderun's Mystic Bla  Conj           ###.....     22%         4    ####...
 Force Lance              Conj/Tloc      ##......     47%         4    ####...
 Fulminant Prism          Conj/Hex       ##........   47%         4    ####...


Dungeon Overview and Level Annotations

Branches:
Dungeon (6/15)
 Temple: D:4-7


Innate Abilities, Weirdness & Mutations

You have an increased reservoir of magic. (+10% MP)


Message History

The iguana is heavily wounded.
The iguana bites you!
* * * LOW HITPOINT WARNING * * *
The quokka zombie closely misses you.
The iguana hisses menacingly.
Found a scroll labeled ICWAW XOKKYIPP and a ration.
Casting: Magic Dart (safe; 2% risk of failure)
Confirm with . or Enter, or press ? or * to list all spells.
Aiming: Magic Dart (safe; 2% risk of failure)
Press: ? - help, Shift-Dir - straight line, f/p - iguana
Aim: an iguana (heavily wounded)
The magic dart hits the iguana.
The iguana is severely wounded.
The quokka zombie bites you.
* * * LOW HITPOINT WARNING * * *
The iguana misses you.
It was a potion of might.
You feel very mighty all of a sudden. The quokka zombie barely misses you.
The iguana bites you.
You die...

#..?..%..
##.........
##...........
..............$....
#..................
#..........^.......
#..................
#@l............a..
#.Z...............
##................
#.........<......
##...............
##..............
#..............
##.............
##.....###..#.


You could see an iguana and a quokka zombie.

Vanquished Creatures
  4 adders
  2 oozes
  A dart slug (D:1)
  A leopard gecko (D:1)
  A ball python (D:1)
  6 bats
  3 giant cockroaches
  2 goblins (D:3)
  4 hobgoblins
  3 jackals (D:3)
  5 kobolds
  2 quokkas (D:2)
  A frilled lizard (D:1)
  3 rats
38 creatures vanquished.

Notes
Turn   | Place    | Note
-------+----------+-------------------------------------------
     0 | D:1      | Folque the Demigod Conjurer began the quest for the Orb.
     0 | D:1      | Reached XP level 1. HP: 14/14 MP: 5/5
   496 | D:1      | Reached XP level 2. HP: 20/22 MP: 4/7
   503 | D:1      | Learned a level 2 spell: Searing Ray
   794 | D:1      | Reached skill level 4 in Conjurations
   918 | D:1      | Reached skill level 1 in Fighting
  1131 | D:2      | Reached XP level 3. HP: 28/28 MP: 4/8
  1143 | D:2      | Learned a level 3 spell: Dazzling Spray
  1415 | D:2      | Found a faded altar of an unknown god.
  1855 | D:3      | Reached XP level 4. HP: 16/35 MP: 5/10
  1860 | D:3      | You fall through a shaft for 2 floors!
  1860 | D:5      | Entered Level 5 of the Dungeon
  1883 | D:6      | Slain by an iguana

Skill      XL: |  1  2 |
---------------+-------+-----
Spellcasting   | 2 |  2.7
Conjurations   | 4 |  4.5
Fighting       | 1 |  1.0
Dodging        | |  1.7
Stealth        | |  1.7

Action                   |  1- 3 |  4- 6 || total
-------------------------+-------+-------++-------
Melee: Whip              |    44 |       ||    44
       Rapier            |    25 |     3 ||    28
 Cast: Magic Dart        |    16 |     3 ||    19
       Searing Ray       |     6 |     1 ||     7
  Use: Potion            |       |     2 ||     2
       Scroll            |       |     1 ||     1
 Stab: Sleeping          |     5 |       ||     5
  Eat: Chunk             |     3 |       ||     3
Armor: Robe              |    21 |     1 ||    22
Dodge: Dodged            |    59 |    12 ||    71
